[Event "Top 12 FRA-chT 2017"]
[Site "Chartres"]
[Date "2017.05.19"]
[Round "2"]
[White "Leconte, Maria"]
[Black "Aflalo, Sophie"]
[Result "1-0"]
[ECO "A05"]
[WhiteElo "2174"]
[BlackElo "2135"]
[Annotator "NA"]
[PlyCount "60"]
[EventDate "2017.??.??"]
[EventType "team-tourn"]
[EventCountry "FRA"]
[SourceTitle "playchess.com"]
[Source "ChessBase"]
[SourceQuality "1"]
[WhiteTeam "Saint Quentin"]
[BlackTeam "Tremblay-En-France"]
[TimeControl "40/5400+30:1800+30"]

1. Nf3 Nf6 2. g3 g6 3. Bg2 Bg7 4. O-O O-O 5. d4 d6 6. Nc3 Nbd7 7. e4 c5 8. a4 Rb8 9. Re1 Ne8 10. e5 dxe5 11. dxe5 Nc7 12. Nd5 Ne6 13. b3 c4 14. Ba3 Ndc5 15. Nd4 Re8 16. Nxe6 Nxe6 17. Nxe7+ Kh8 18. Qxd8 Rxd8 19. bxc4 Bf8 20. Bd6 Bd7 21. Red1 Bxa4 22. Bxb8 Rxd1+ 23. Rxd1 Bxe7 24. Ra1 Bxc2 25. Rxa7 Bc5 26. Rxb7 Kg7 27. Bd6 Bd4 28. Bd5 Ng5 29. h4 Ne4 30. Rxf7+ Kh6 1-0

[Event "Top 12 FRA-chT 2017"]
[Site "Chartres"]
[Date "2017.05.19"]
[Round "2"]
[White "Steil-Antoni, Fiona"]
[Black "De Seroux, Camille"]
[Result "1-0"]
[ECO "B22"]
[WhiteElo "2155"]
[BlackElo "2117"]
[Annotator "NA"]
[PlyCount "85"]
[EventDate "2017.??.??"]
[EventType "team-tourn"]
[EventCountry "FRA"]
[SourceTitle "playchess.com"]
[Source "ChessBase"]
[SourceQuality "1"]
[WhiteTeam "Vandoeuvre"]
[BlackTeam "Grasse Echecs"]
[TimeControl "40/5400+30:1800+30"]

1. e4 c5 2. c3 d6 3. Nf3 Nf6 4. Bd3 Nc6 5. h3 g6 6. O-O Bg7 7. Bc2 O-O 8. Re1 e5 9. d3 $11 {[%emt 0:06:42] LiveBook: 59 Games} Ne8 10. Nbd2 f5 11. exf5 Bxf5 12. Nf1 Nc7 13. Be3 Kh8 14. Ng3 Nd5 15. Nxf5 Rxf5 16. d4 Nxe3 17. fxe3 Rf8 18. d5 Nb8 19. h4 Bh6 20. Qd3 Nd7 21. Rf1 Nf6 22. Ng5 Bxg5 23. hxg5 Nd7 24. Rxf8+ Qxf8 25. Qb5 Qe7 26. Rf1 Rf8 27. Qxb7 Qxg5 28. Rxf8+ Nxf8 29. Kf2 Qh4+ 30. Ke2 Qh5+ 31. Kd2 Qg4 32. Qf7 Qxg2+ 33. Kd3 e4+ 34. Kc4 Qe2+ 35. Kb3 Qb5+ 36. Ka3 Qa5+ 37. Ba4 Qd8 38. Be8 Qa5+ 39. Kb3 c4+ 40. Kc2 Nd7 41. Bxd7 h5 42. Be6 Qd8 43. Qxg6 1-0

[Event "Top 12 FRA-chT 2017"]
[Site "Chartres"]
[Date "2017.05.19"]
[Round "2"]
[White "Dacalor, Aurelie"]
[Black "Barbini, Denis"]
[Result "1-0"]
[ECO "D11"]
[WhiteElo "1997"]
[BlackElo "2101"]
[Annotator "NA"]
[PlyCount "92"]
[EventDate "2017.??.??"]
[EventType "team-tourn"]
[EventCountry "FRA"]
[SourceTitle "playchess.com"]
[Source "ChessBase"]
[SourceQuality "1"]
[WhiteTeam "Bois-Colombes"]
[BlackTeam "Lisieux"]
[TimeControl "40/5400+30:1800+30"]

1. d4 d5 2. c4 c6 3. Nf3 Nf6 4. b3 Bf5 5. e3 e6 6. Be2 h6 7. O-O Nbd7 8. Bb2 Be7 9. Nc3 $11 O-O 10. h3 Ne4 11. Nd2 Bd6 12. Ndxe4 dxe4 13. Bg4 Bxg4 14. Qxg4 f5 15. Qe2 Qg5 16. Rad1 Rf6 17. f4 exf3 18. Qxf3 e5 19. Ne2 Rg6 20. a3 Re8 21. Bc1 e4 22. Qf2 c5 23. Nf4 Bxf4 24. exf4 Qe7 25. d5 e3 26. Qe2 Qe4 27. Rde1 Qb1 28. Bb2 Qe4 29. Rf3 Rb6 30. Rxe3 Qxe3+ 31. Qxe3 Rxe3 32. Rxe3 Kf7 33. Kf2 g5 34. Kf3 Rg6 35. Be5 g4+ 36. hxg4 fxg4+ 37. Kg3 Rg8 38. Kh4 Kg6 39. Bd6 Kf5 40. Re7 Nf6 41. Rf7 Kg6 42. Rxb7 Ne4 43. Be5 g3 44. Rxa7 h5 45. Ra6+ Kf5 46. Kxh5 Rb8 1-0

[Event "Top 12 FRA-chT 2017"]
[Site "Chartres"]
[Date "2017.05.19"]
[Round "2"]
[White "Guerlin Dit De Guer, Clarisse"]
[Black "Choisy, Mathilde"]
[Result "0-1"]
[ECO "B40"]
[WhiteElo "1278"]
[BlackElo "2153"]
[Annotator "NA"]
[PlyCount "50"]
[EventDate "2017.??.??"]
[EventType "team-tourn"]
[EventCountry "FRA"]
[SourceTitle "playchess.com"]
[Source "ChessBase"]
[SourceQuality "1"]
[WhiteTeam "Montpellier"]
[BlackTeam "Mulhouse Philidor"]
[TimeControl "40/5400+30:1800+30"]

1. e4 c5 2. Nf3 e6 3. d4 cxd4 4. Qxd4 Nc6 5. Qd1 Nf6 6. Nc3 Qc7 7. g3 Bb4 8. Bd2 a6 9. Bg2 O-O 10. O-O Bxc3 11. Bxc3 Nxe4 12. Nd4 (12. Be1 $15) 12... Nxc3 13. bxc3 d5 $17 (13... Ne7 $19 14. Rb1 d5) 14. Qg4 Nxd4 15. cxd4 Bd7 16. Rac1 Rac8 17. c3 Bb5 18. Rfe1 Qa5 19. Re3 Qxa2 20. Rce1 Qb2 21. f4 Rxc3 22. Qe2 Bxe2 23. R1xe2 Qc1+ 24. Kf2 Rxe3 25. Rxe3 Rc8 0-1

[Event "Top 12 FRA-chT 2017"]
[Site "Chartres"]
[Date "2017.05.20"]
[Round "3"]
[White "Maisuradze, Nino"]
[Black "Dacalor, Aurelie"]
[Result "1-0"]
[ECO "A45"]
[WhiteElo "2260"]
[BlackElo "1997"]
[Annotator "NA"]
[PlyCount "167"]
[EventDate "2017.??.??"]
[EventType "team-tourn"]
[EventCountry "FRA"]
[SourceTitle "playchess.com"]
[Source "ChessBase"]
[SourceQuality "1"]
[WhiteTeam "Bischwiller"]
[BlackTeam "Bois-Colombes"]
[TimeControl "40/5400+30:1800+30"]

1. d4 Nf6 2. Nc3 d5 3. Bf4 e6 4. e3 b6 5. a3 Bb7 6. Nf3 Be7 7. Bd3 O-O 8. Ne5 c5 9. h4 Nc6 10. Nxc6 Bxc6 11. Qf3 c4 12. Bxc4 b5 13. Bd3 Qb6 14. O-O a5 15. Bg5 h6 16. Bxf6 Bxf6 17. h5 b4 18. Ne2 Bb5 19. Nf4 Rfc8 20. Qe2 Bc6 21. Rfb1 e5 22. dxe5 Bxe5 23. Qg4 d4 24. Qf5 Re8 25. Bc4 Bf6 26. Nd5 Bxd5 27. Bxd5 Re5 28. Qf3 Rd8 29. e4 Qc5 30. Qb3 Re7 31. axb4 Qxb4 32. Qxb4 axb4 33. Ra4 Rc8 34. Bb3 Rxe4 35. Rxb4 Re7 36. Ra1 d3 37. cxd3 Bxb2 38. Bxf7+ Kxf7 39. Rxb2 Rd8 40. Rd2 Re5 41. Ra7+ Kf6 42. Ra6+ Kf7 43. Ra7+ Kf6 44. Rb2 Rd6 45. Rbb7 Rxh5 46. Rf7+ Ke5 47. Rxg7 Rxd3 48. Ra5+ Kf6 49. Rxh5 Kxg7 50. Ra5 Kg6 51. Kh2 Rb3 52. g4 Rb1 53. Kg3 Rb3+ 54. f3 Rc3 55. Re5 Kf6 56. Rb5 Ra3 57. Rb4 Kg5 58. Rb8 Kf6 59. Rh8 Kg7 60. Rd8 Kf6 61. Kf4 Ra4+ 62. Ke3 Ra1 63. f4 Rg1 64. Rd6+ Kg7 65. Kf3 Rf1+ 66. Ke4 Re1+ 67. Kf5 Re7 68. Rg6+ Kh7 69. g5 hxg5 70. Rxg5 Re1 71. Kf6 Kh6 72. Rg8 Kh7 73. Rg7+ Kh6 74. f5 Re2 75. Re7 Rf2 76. Re5 Ra2 77. Kf7 Ra7+ 78. Re7 Ra1 79. f6 Rb1 80. Kf8 Rb8+ 81. Re8 Rb7 82. f7 Kh7 83. Re2 Kg6 84. Kg8 1-0

[Event "Top 12 FRA-chT 2017"]
[Site "Chartres"]
[Date "2017.05.20"]
[Round "3"]
[White "Dubois, Jean-Marie"]
[Black "Boudiba, Mahfoud"]
[Result "0-1"]
[ECO "D32"]
[WhiteElo "2255"]
[BlackElo "2409"]
[Annotator "NA"]
[PlyCount "134"]
[EventDate "2017.??.??"]
[EventType "team-tourn"]
[EventCountry "FRA"]
[SourceTitle "playchess.com"]
[Source "ChessBase"]
[SourceQuality "1"]
[WhiteTeam "Montpellier"]
[BlackTeam "Tremblay En France"]
[TimeControl "40/5400+30:1800+30"]

1. d4 d5 2. c4 e6 3. Nc3 c5 4. cxd5 exd5 5. Nf3 Nc6 6. dxc5 d4 7. Na4 Bxc5 8. Nxc5 Qa5+ 9. Bd2 Qxc5 10. Rc1 Qd6 11. e3 dxe3 12. Bxe3 Qxd1+ 13. Rxd1 Be6 14. Bb5 Nge7 15. Bc5 a6 16. Bxc6+ Nxc6 17. Ng5 Rd8 18. O-O Rxd1 19. Rxd1 Bxa2 20. Ne4 h5 21. Nd6+ Kf8 22. Nxb7+ Kg8 23. Rd6 Rh6 24. Rxh6 gxh6 25. f4 Kg7 26. Kf2 Bd5 27. Nd6 Kg6 28. g3 Kf6 29. Ke3 Ke6 30. b4 Ne7 31. Kd3 Bc6 32. h3 Bg2 33. g4 Bxh3 34. f5+ Kd7 35. Nxf7 Bxg4 36. Ne5+ Kd8 37. f6 Ng6 38. Nf7+ Ke8 39. Nxh6 Be6 40. Ke4 h4 41. Nf5 Kf7 42. Bd4 Bd7 43. Nh6+ Ke6 44. Kf3 Kd5 45. Bc5 Be6 46. Ng4 a5 47. Ne3+ Kc6 48. Nc2 Bf7 49. Bd4 Bb3 50. Na1 Bd5+ 51. Kg4 axb4 52. Nc2 Kb5 53. Nxb4 Kxb4 54. Kf5 h3 55. Bg1 Nh8 56. Bh2 Nf7 57. Kg4 Be6+ 58. Kh5 Bf5 59. Kh4 Kc4 60. Kg3 Kd3 61. Bg1 Ke2 62. Ba7 Be6 63. Bd4 Ng5 64. Bb6 Ne4+ 65. Kh2 Nd2 66. f7 Nf1+ 67. Kg1 h2+ 0-1

[Event "Top 12 FRA-chT 2017"]
[Site "Chartres"]
[Date "2017.05.20"]
[Round "3"]
[White "Bollengier, Andreea"]
[Black "Steil-Antoni, Fiona"]
[Result "1-0"]
[ECO "A20"]
[WhiteElo "2234"]
[BlackElo "2155"]
[Annotator "NA"]
[PlyCount "111"]
[EventDate "2017.??.??"]
[EventType "team-tourn"]
[EventCountry "FRA"]
[SourceTitle "playchess.com"]
[Source "ChessBase"]
[SourceQuality "1"]
[WhiteTeam "Nice Alekhine"]
[BlackTeam "Vandoeuvre"]
[TimeControl "40/5400+30:1800+30"]

1. c4 e5 2. g3 Nc6 3. Bg2 Bc5 4. Nc3 a6 5. e3 d6 6. Nge2 Ba7 7. d4 h5 8. h4 Bd7 9. b3 f5 10. dxe5 dxe5 11. Nd5 Nf6 12. Ba3 Rb8 13. Nec3 b5 14. Nxf6+ gxf6 15. cxb5 axb5 16. Nd5 b4 17. Bb2 Kf7 18. Rc1 Be8 19. Qc2 Rb5 20. Rd1 Qc8 21. Bh3 Rc5 22. Qd2 Nd4 23. exd4 Rxd5 24. Qxb4 exd4 25. O-O Qd8 26. Bg2 Rd6 27. Qa5 Bb6 28. Qxf5 Bd7 29. Qf4 Bg4 30. Bf3 Rg8 31. Rd3 Qd7 32. b4 Bxf3 33. Qxf3 Rg4 34. Re1 Re6 35. Rxe6 Qxe6 36. a4 Qe1+ 37. Kg2 Qxb4 38. Qd5+ Kg7 39. Qxh5 Rg6 40. Qb5 Qe7 41. Qd5 c5 42. Rb3 f5 43. a5 Bxa5 44. Rb7 Bc7 45. Qxf5 Rf6 46. Qg5+ Kh7 47. Qh5+ Kg7 48. Qg4+ Kf7 49. Bc1 Qd8 50. Qh5+ Kg8 51. Qxc5 Rf7 52. Qg5+ Qxg5 53. Bxg5 d3 54. Kf1 Rd7 55. Bf4 d2 56. Bxd2 1-0

[Event "Top 12 FRA-chT 2017"]
[Site "Chartres"]
[Date "2017.05.20"]
[Round "3"]
[White "Aflalo, Sophie"]
[Black "Caron, Damien"]
[Result "1-0"]
[ECO "B42"]
[WhiteElo "2135"]
[BlackElo "2024"]
[Annotator "NA"]
[PlyCount "59"]
[EventDate "2017.??.??"]
[EventType "team-tourn"]
[EventCountry "FRA"]
[SourceTitle "playchess.com"]
[Source "ChessBase"]
[SourceQuality "1"]
[WhiteTeam "Tremblay-En-France"]
[BlackTeam "Montpellier"]
[TimeControl "40/5400+30:1800+30"]

1. e4 c5 2. Nf3 e6 3. d4 cxd4 4. Nxd4 a6 5. Bd3 Nf6 6. O-O Qc7 7. Nc3 Nc6 8. Nb3 b5 9. f4 d6 10. Be3 Be7 11. Kh1 Bb7 12. a4 b4 13. Na2 O-O 14. Qe1 e5 15. Nxb4 Nxb4 16. Qxb4 a5 17. Nxa5 exf4 18. Bb6 Qc8 19. Rxf4 Nd7 20. Bd4 Ba6 21. Bb5 Bxb5 22. Qxb5 Ne5 23. Bxe5 dxe5 24. Nc6 Bd6 25. Rf2 Ra6 26. Nxe5 Bc5 27. Rxf7 Rxf7 28. Qc4 Raf6 29. Nxf7 Rxf7 30. Rf1 1-0

[Event "Top 12 FRA-chT 2017"]
[Site "Chartres"]
[Date "2017.05.20"]
[Round "3"]
[White "De Seroux, Camille"]
[Black "Leconte, Maria"]
[Result "1-0"]
[ECO "C03"]
[WhiteElo "2117"]
[BlackElo "2174"]
[Annotator "NA"]
[PlyCount "95"]
[EventDate "2017.??.??"]
[EventType "team-tourn"]
[EventCountry "FRA"]
[SourceTitle "playchess.com"]
[Source "ChessBase"]
[SourceQuality "1"]
[WhiteTeam "Grasse Echecs"]
[BlackTeam "Saint Quentin"]
[TimeControl "40/5400+30:1800+30"]

1. e4 e6 2. d4 d5 3. Nd2 Ne7 4. Bd3 Nd7 5. c3 g6 6. Ngf3 Bg7 7. O-O O-O 8. Re1 c5 9. exd5 exd5 10. Bc2 Nc6 11. dxc5 Nxc5 12. Nb3 b6 13. Bg5 f6 14. Be3 Ne4 15. c4 Nb4 16. cxd5 Nxc2 17. Qxc2 Qxd5 18. Rad1 Qb7 19. Bf4 f5 20. Be5 Bxe5 21. Nxe5 Re8 22. Nc4 Qc7 23. f3 Nd6 24. Rxe8+ Nxe8 25. Qd3 Be6 26. Ne3 Nf6 27. a3 f4 28. Nd4 Bf7 29. Nec2 Re8 30. Nb5 Qc5+ 31. Nbd4 Bc4 32. Qd2 Nd5 33. b4 Qd6 34. Re1 Rxe1+ 35. Qxe1 Ne3 36. Qc3 Nxc2 37. Qxc4+ Kg7 38. Nxc2 Qd1+ 39. Kf2 Qd2+ 40. Qe2 Qc3 41. Qe7+ Kh6 42. Qe4 Qd2+ 43. Qe2 Qc3 44. g3 g5 45. Kg2 a5 46. Qd1 a4 47. Qd6+ Kg7 48. Qd4+ 1-0

[Event "Top 12 FRA-chT 2017"]
[Site "Chartres"]
[Date "2017.05.20"]
[Round "3"]
[White "Haussernot, Cecile"]
[Black "Roos, Louis"]
[Result "1-0"]
[ECO "B42"]
[WhiteElo "2099"]
[BlackElo "2346"]
[Annotator "NA"]
[PlyCount "93"]
[EventDate "2017.??.??"]
[EventType "team-tourn"]
[EventCountry "FRA"]
[SourceTitle "playchess.com"]
[Source "ChessBase"]
[SourceQuality "1"]
[WhiteTeam "Mulhouse Philidor"]
[BlackTeam "Strasbourg"]
[TimeControl "40/5400+30:1800+30"]

1. e4 c5 2. Nf3 e6 3. d4 cxd4 4. Nxd4 a6 5. Bd3 Ne7 6. O-O Nbc6 7. Be3 g6 8. Nd2 Bg7 9. Nxc6 Nxc6 10. Nc4 d5 11. exd5 exd5 12. Bb6 Qe7 13. Re1 Be6 14. Ne3 O-O 15. Nxd5 Qd6 16. Nc7 Bxb2 17. Nxe6 fxe6 18. Bc4 Qf4 19. Bxe6+ Kh8 20. g3 Qf6 21. Rb1 Bd4 22. Bxd4 Nxd4 23. Bd5 Qxf2+ 24. Kh1 Rad8 25. c4 b5 26. Re7 Nf3 27. Re2 Qc5 28. Rb3 bxc4 29. Rxf3 Rxd5 30. Rxf8+ Qxf8 31. Qe1 Qf3+ 32. Kg1 Rf5 33. Re3 Qd5 34. Re8+ Kg7 35. Re7+ Kf6 36. Rxh7 Qc5+ 37. Kg2 c3 38. g4 c2 39. gxf5 c1=Q 40. Qe6+ Kg5 41. Qxg6+ Kf4 42. Qg3+ Ke4 43. Rh4+ Kd5 44. Qd3+ Ke5 45. Re4+ Kxf5 46. Qf3+ Kg6 47. Re6+ 1-0

[Event "Top 12 FRA-chT 2017"]
[Site "Chartres"]
[Date "2017.05.20"]
[Round "3"]
[White "Marchadour, Emilie"]
[Black "Guichard, Pauline"]
[Result "0-1"]
[ECO "B06"]
[WhiteElo "2097"]
[BlackElo "2312"]
[Annotator "NA"]
[PlyCount "54"]
[EventDate "2017.??.??"]
[EventType "team-tourn"]
[EventCountry "FRA"]
[SourceTitle "playchess.com"]
[Source "ChessBase"]
[SourceQuality "1"]
[WhiteTeam "Lisieux"]
[BlackTeam "Clichy"]
[TimeControl "40/5400+30:1800+30"]

1. e4 g6 2. d4 Bg7 3. Nf3 d6 4. h3 Nd7 5. Nc3 c5 6. Be3 cxd4 7. Bxd4 Ngf6 8. Bc4 O-O 9. O-O b6 10. e5 dxe5 11. Nxe5 Bb7 12. Nxd7 Qxd7 13. Bxf6 Qxd1 14. Raxd1 Bxf6 15. Nd5 Bg5 16. f4 Bh4 17. g3 Bxg3 18. Nxe7+ Kg7 19. Rd7 Be4 20. f5 Bxc2 21. fxg6 hxg6 22. Bd5 Rae8 23. Rxa7 Bd6 24. Nc6 Bf5 25. Kg2 Re2+ 26. Kf3 Rfe8 27. Rxf7+ Kh6 0-1

[Event "Top 12 FRA-chT 2017"]
[Site "Chartres"]
[Date "2017.05.20"]
[Round "3"]
[White "Caron, Damien"]
[Black "Aflalo, Sophie"]
[Result "*"]
[WhiteElo "2024"]
[BlackElo "2135"]
[Annotator "NA"]
[PlyCount "21"]
[EventDate "2017.??.??"]
[EventType "team-tourn"]
[EventCountry "FRA"]
[SourceTitle "playchess.com"]
[Source "ChessBase"]
[SourceQuality "1"]
[WhiteTeam "Montpellier"]
[BlackTeam "Tremblay-En-France"]
[TimeControl "40/5400+30:1800+30"]

1. e4 c5 2. Nf3 e6 3. d4 cxd4 4. Nxd4 a6 5. Bd3 Nf6 6. O-O Qc7 7. Nc3 Nc6 8. Nb3 b5 9. f4 d6 10. Be3 Be7 11. Kh1 *

[Event "Top 12 FRA-chT 2017"]
[Site "Chartres"]
[Date "2017.05.21"]
[Round "4"]
[White "Nezar, Mustapha"]
[Black "Marchadour, Emilie"]
[Result "1-0"]
[ECO "A56"]
[WhiteElo "2354"]
[BlackElo "2097"]
[Annotator "NA"]
[PlyCount "75"]
[EventDate "2017.??.??"]
[EventType "team-tourn"]
[EventCountry "FRA"]
[SourceTitle "playchess.com"]
[Source "ChessBase"]
[SourceQuality "1"]
[WhiteTeam "Vandoeuvre"]
[BlackTeam "Lisieux"]
[TimeControl "40/5400+30:1800+30"]

1. d4 Nf6 2. c4 c5 3. Nf3 cxd4 4. Nxd4 Nc6 5. Nc3 g6 6. g3 Bg7 7. Bg2 O-O 8. O-O Nxd4 9. Qxd4 d6 10. Bg5 Be6 11. Qh4 Rb8 12. Rac1 Qa5 13. Bd2 Rfc8 14. b3 Qd8 15. Rfd1 Rc5 16. Bf3 Nd7 17. Ne4 Re5 18. Bc3 h6 19. Bxe5 Nxe5 20. Qf4 Nxf3+ 21. Qxf3 Qa5 22. a4 Bf5 23. Nc3 Qe5 24. e4 Be6 25. Nd5 Bd7 26. Qf4 Qb2 27. Nxe7+ Kh7 28. Rxd6 Be8 29. Rd3 Bd4 30. Qd2 Bxf2+ 31. Kxf2 Qf6+ 32. Qf4 Qxe7 33. Qxb8 Qxe4 34. Rd8 Qf5+ 35. Qf4 Qc5+ 36. Qd4 Qf5+ 37. Kg1 Bc6 38. Qh8# 1-0

[Event "Top 12 FRA-chT 2017"]
[Site "Chartres"]
[Date "2017.05.21"]
[Round "4"]
[White "Roos, Louis"]
[Black "Dionisi, Thomas"]
[Result "1/2-1/2"]
[ECO "A04"]
[WhiteElo "2346"]
[BlackElo "2392"]
[Annotator "NA"]
[PlyCount "90"]
[EventDate "2017.??.??"]
[EventType "team-tourn"]
[EventCountry "FRA"]
[SourceTitle "playchess.com"]
[Source "ChessBase"]
[SourceQuality "1"]
[WhiteTeam "Strasbourg"]
[BlackTeam "Bois-Colombes"]
[TimeControl "40/5400+30:1800+30"]

1. Nf3 f5 2. g3 g6 3. Bg2 Bg7 4. d3 Nf6 5. O-O O-O 6. c4 d6 7. Nc3 Nc6 8. Rb1 a5 9. a3 e5 10. b4 axb4 11. axb4 h6 12. Ne1 g5 13. Nc2 f4 14. b5 Nd4 15. Nd5 Nxd5 16. Bxd5+ Kh8 17. Nxd4 exd4 18. Bb2 Be5 19. e3 Qf6 20. exd4 Bxd4 21. Bxd4 Qxd4 22. Qh5 Qg7 23. Rbe1 Bf5 24. Bxb7 Bg6 25. Qd1 Rae8 26. Rxe8 Rxe8 27. Bc6 Rf8 28. d4 Qf6 29. c5 h5 30. cxd6 Qxd6 31. Qe2 Qxd4 32. Qe7 Qd8 33. Re1 Qxe7 34. Rxe7 fxg3 35. hxg3 Rf7 36. Re5 Rf5 37. Re7 Rf7 38. Re5 Rf5 39. Re3 Kg7 40. Rc3 Rf7 41. Be8 Re7 42. Bxg6 Kxg6 43. Rc5 Kf6 44. Rc6+ Kf5 45. Kg2 Re5 1/2-1/2

[Event "Top 12 FRA-chT 2017"]
[Site "Chartres"]
[Date "2017.05.21"]
[Round "4"]
[White "Guichard, Pauline"]
[Black "Maisuradze, Nino"]
[Result "1/2-1/2"]
[ECO "A06"]
[WhiteElo "2312"]
[BlackElo "2260"]
[Annotator "NA"]
[PlyCount "189"]
[EventDate "2017.??.??"]
[EventType "team-tourn"]
[EventCountry "FRA"]
[SourceTitle "playchess.com"]
[Source "ChessBase"]
[SourceQuality "1"]
[WhiteTeam "Clichy"]
[BlackTeam "Bischwiller"]
[TimeControl "40/5400+30:1800+30"]

1. Nf3 d5 2. g3 Nf6 3. Bg2 e6 4. O-O Nbd7 5. d3 Be7 6. Re1 O-O 7. e4 dxe4 8. dxe4 e5 9. Nbd2 c6 10. Nc4 Qc7 11. a4 Re8 12. Bd2 b6 13. Bc3 Bf8 14. Bf1 b5 15. Ba5 Qb8 16. axb5 cxb5 17. Ne3 Nc5 18. Nd5 Nxd5 19. exd5 Bg4 20. Be2 Bd6 21. Ng5 Bf5 22. Bh5 g6 23. Bg4 Qc8 24. Qf3 e4 25. Bxf5 Qxf5 26. Qxf5 gxf5 27. Nh3 Be5 28. Ra2 Na4 29. c3 Nc5 30. Rd1 Nd3 31. Kf1 Bd6 32. f4 Bc5 33. Ke2 Rac8 34. b4 Bd6 35. Kd2 Rc4 36. Rb1 Rec8 37. Rc2 Be7 38. Ng1 Bf6 39. Ne2 h5 40. d6 Bd8 41. d7 Rb8 42. Ra1 Bxa5 43. Rxa5 Rc7 44. Rxb5 Rd8 45. Ke3 Rcxd7 46. Nd4 a6 47. Rb6 Rd5 48. Nc6 R8d7 49. c4 Ne1 50. cxd5 Nxc2+ 51. Kd2 Na3 52. Rxa6 Rxd5+ 53. Ke2 Rd3 54. Ne7+ Kh7 55. Nxf5 Nb5 56. Rh6+ Kg8 57. Rxh5 Nc3+ 58. Ke1 e3 59. Nxe3 Rxe3+ 60. Kd2 Rf3 61. b5 Na4 62. Rg5+ Kh7 63. Rf5 Kg7 64. Rg5+ Kh7 65. h4 Rb3 66. Kc2 Rc3+ 67. Kd2 Rb3 68. g4 Nb6 69. Kc2 Rb4 70. Rf5 Kg7 71. h5 Nc8 72. Kc3 Rb1 73. Rd5 Na7 74. Kc4 Rc1+ 75. Kb4 Nc8 76. g5 Rf1 77. f5 Rb1+ 78. Kc3 Nb6 79. f6+ Kh7 80. Rf5 Kg8 81. Kd4 Nd7 82. Rd5 Rd1+ 83. Ke4 Re1+ 84. Kf3 Nf8 85. Rd8 Kh7 86. Rc8 Ne6 87. b6 Rb1 88. g6+ fxg6 89. f7 Rf1+ 90. Ke3 Rxf7 91. Rc6 Re7 92. hxg6+ Kg7 93. Kd3 Kxg6 94. b7 Rxb7 95. Rxe6+ 1/2-1/2

[Event "Top 12 FRA-chT 2017"]
[Site "Chartres"]
[Date "2017.05.21"]
[Round "4"]
[White "Dubois, Jean-Marie"]
[Black "De Seroux, Camille"]
[Result "0-1"]
[ECO "E16"]
[WhiteElo "2255"]
[BlackElo "2117"]
[Annotator "NA"]
[PlyCount "114"]
[EventDate "2017.??.??"]
[EventType "team-tourn"]
[EventCountry "FRA"]
[SourceTitle "playchess.com"]
[Source "ChessBase"]
[SourceQuality "1"]
[WhiteTeam "Montpellier"]
[BlackTeam "Grasse Echecs"]
[TimeControl "40/5400+30:1800+30"]

1. d4 Nf6 2. c4 e6 3. Nf3 Bb4+ 4. Bd2 Qe7 5. g3 Nc6 6. Nc3 O-O 7. Bg2 Na5 8. b3 b6 9. O-O Bb7 10. Qc2 Rac8 11. Rad1 c5 12. dxc5 Bxc5 13. Bg5 Rfd8 14. e4 d6 15. Qb2 h6 16. Bd2 Bb4 17. Rfe1 e5 18. Nh4 Bc6 19. Nf5 Qb7 20. Nd5 Bxd5 21. Bxb4 Bxe4 22. Nxd6 Rxd6 23. Bxe4 Nxe4 24. Bxd6 Ng5 25. Re3 Nf3+ 26. Kf1 Nxh2+ 27. Ke2 Ng4 28. Red3 Qe4+ 29. Kf1 Qh1+ 30. Ke2 Qe4+ 31. Kf1 Nc6 32. f3 Ne3+ 33. Rxe3 Qxe3 34. Qe2 Qxe2+ 35. Kxe2 f6 36. Ke3 Rd8 37. Rd3 Nd4 38. c5 Kf7 39. f4 bxc5 40. fxe5 fxe5 41. Bxc5 Nf5+ 42. Kd2 Rxd3+ 43. Kxd3 Nxg3 44. Bxa7 Ke6 45. Bf2 Nf5 46. a4 Kd5 47. a5 e4+ 48. Ke2 Kc6 49. b4 Kb5 50. Bc5 g5 51. Be3 g4 52. Bf4 h5 53. Bd2 h4 54. Kf2 h3 55. Be1 e3+ 56. Kf1 g3 57. Kg1 Nd4 0-1

[Event "Top 12 FRA-chT 2017"]
[Site "Chartres"]
[Date "2017.05.21"]
[Round "4"]
[White "Leconte, Maria"]
[Black "Bollengier, Andreea"]
[Result "1/2-1/2"]
[ECO "B01"]
[WhiteElo "2174"]
[BlackElo "2234"]
[Annotator "NA"]
[PlyCount "47"]
[EventDate "2017.??.??"]
[EventType "team-tourn"]
[EventCountry "FRA"]
[SourceTitle "playchess.com"]
[Source "ChessBase"]
[SourceQuality "1"]
[WhiteTeam "Saint Quentin"]
[BlackTeam "Nice Alekhine"]
[TimeControl "40/5400+30:1800+30"]

1. e4 d5 2. exd5 Qxd5 3. Nc3 Qd6 4. d4 c6 5. Nf3 Bg4 6. Be3 Nf6 7. h3 Bxf3 8. Qxf3 e6 9. O-O-O Qc7 10. Kb1 Nbd7 11. g4 Nb6 12. g5 Nfd5 13. Nxd5 Nxd5 14. c4 Nxe3 15. fxe3 O-O-O 16. Bg2 Kb8 17. h4 h6 18. g6 fxg6 19. Qg4 e5 20. Qxg6 exd4 21. exd4 Be7 22. d5 cxd5 23. Rxd5 Rxd5 24. Bxd5 1/2-1/2

[Event "Top 12 FRA-chT 2017"]
[Site "Chartres"]
[Date "2017.05.21"]
[Round "4"]
[White "Steil-Antoni, Fiona"]
[Black "Barbini, Denis"]
[Result "1-0"]
[ECO "B09"]
[WhiteElo "2155"]
[BlackElo "2101"]
[Annotator "NA"]
[PlyCount "69"]
[EventDate "2017.??.??"]
[EventType "team-tourn"]
[EventCountry "FRA"]
[SourceTitle "playchess.com"]
[Source "ChessBase"]
[SourceQuality "1"]
[WhiteTeam "Vandoeuvre"]
[BlackTeam "Lisieux"]
[TimeControl "40/5400+30:1800+30"]

1. e4 d6 2. d4 Nf6 3. Nc3 g6 4. f4 Bg7 5. Nf3 c5 6. Bb5+ Bd7 7. e5 Ng4 8. e6 Bxb5 9. exf7+ Kd7 10. Nxb5 Qa5+ 11. Nc3 cxd4 12. Nxd4 Bxd4 13. Qxd4 Nc6 14. Qc4 Qb6 15. Qe2 h5 16. h3 Nh6 17. Bd2 Nf5 18. O-O-O Ng3 19. Qd3 Nxh1 20. Rxh1 Raf8 21. Qxg6 Qd4 22. Ne4 d5 23. Ng5 Qf6 24. Qd3 Qd6 25. Re1 Rh6 26. a3 Rf6 27. Nh7 R6xf7 28. Nxf8+ Rxf8 29. Qh7 Qc5 30. Qxh5 Nd4 31. Qg4+ Kd8 32. Bc3 Qc4 33. Qg7 Rxf4 34. Qxe7+ Kc8 35. Qe8+ 1-0

[Event "Top 12 FRA-chT 2017"]
[Site "Chartres"]
[Date "2017.05.21"]
[Round "4"]
[White "Aflalo, Sophie"]
[Black "Choisy, Mathilde"]
[Result "0-1"]
[ECO "A04"]
[WhiteElo "2135"]
[BlackElo "2153"]
[Annotator "NA"]
[PlyCount "57"]
[EventDate "2017.??.??"]
[EventType "team-tourn"]
[EventCountry "FRA"]
[SourceTitle "playchess.com"]
[Source "ChessBase"]
[SourceQuality "1"]
[WhiteTeam "Tremblay-En-France"]
[BlackTeam "Mulhouse Philidor"]
[TimeControl "40/5400+30:1800+30"]

1. Nf3 c5 2. g3 Nc6 3. Bg2 g6 4. O-O Bg7 5. e3 d5 6. d4 cxd4 7. Nxd4 Nf6 8. c4 O-O 9. Nxc6 bxc6 10. Qa4 Qb6 11. Nc3 e6 12. Rb1 Ba6 13. c5 Qb7 14. Rd1 Nd7 15. Qa3 Ne5 16. b3 Bd3 17. Rb2 Bf5 18. Bd2 Rfb8 19. Na4 Nc4 20. bxc4 Bxb2 21. Nxb2 Qxb2 22. Qa5 Qc2 23. Bf3 Be4 24. Be2 Rb1 25. Rxb1 Qxb1+ 26. Be1 Rb8 27. cxd5 Bxd5 28. Bf1 Qe4 29. f3 0-1